BOSTON vs CAROLINA

Created - March-01-21 at 19:06

Goals
1 2 3 T
BOSTON 1 2 1 4
CAROLINA 3 0 0 3
Shots
1 2 3 T
BOSTON 8 7 7 22
CAROLINA 11 10 1 22

1st period

1. BOSTON , Filip Hronek 3 (Alec Martinez 11, Blake Comeau 5) at 0:43
2. CAROLINA , Sebastian Aho 4 (Adam Henrique 11, Sam Lafferty 3) at 4:19
3. CAROLINA , Duncan Keith 7 (Alexander Radulov 18, Matt Martin 4) at 11:04 (PP)
4. CAROLINA , Vladimir Tarasenko 8 (Nicklas Backstrom 17) at 14:23

Penalties :
Kevin Fiala (BOS) for Holding (Minor) at 10:13

2nd period

5. BOSTON , William Nylander 13 (Filip Hronek 11, Alec Martinez 12) at 9:20
6. BOSTON , Filip Hronek 4 (Ilya Kovalchuk 5, Ivan Barbashev 13) at 13:18 (PP)

Penalties :
Philippe Myers (BOS) for Tripping (Minor) at 5:11, Dmitri Sokolov (CAR) for Tripping (Minor) at 13:10

3rd period

7. BOSTON , Ivan Provorov 6 (Kevin Fiala 7, Miro Heiskanen 11) at 8:01 (PP)

Penalties :
Matt Martin (CAR) for Hooking (Minor) at 2:11, Ilya Kovalchuk (BOS) for Goalie Interference (Minor) at 2:11, Sam Lafferty (CAR) for Roughing (Minor) at 7:54, Duncan Keith (CAR) for Goalie Interference (Minor) at 14:02

Goalie Stats

Martin Jones (BOS), 19 saves from 22 shots - (0.864), W, 13-10-2, 60:00 minutes
Sergei Bobrovsky (CAR), 18 saves from 22 shots - (0.818), L, 17-11-2, 59:01 minutes

Players Stats for BOSTON

Player Name              G  A  P  +/- PIM S  H  SB GA TA FO     MP     PP MP  PK MP  
------------------------------------------------------------------------------------
Alec Martinez            0  2  2   1  0   1  1  0  0  0  0/0    21:28   1:00   0:42 
Aleksi Saarela           0  0  0   0  0   0  0  0  0  0  0/0     0:00   0:00   0:00 
Alexandre Texier         0  0  0   0  0   0  1  0  0  0  2/5     5:31   0:00   0:00 
Andrew Mangiapane        0  0  0  -1  0   1  2  0  0  0  0/3    14:58   0:00   0:00 
Blake Comeau             0  1  1   0  0   0  5  0  0  0  0/0    19:56   1:00   0:00 
Casey Mittelstadt        0  0  0  -1  0   0  0  1  0  0  6/15   14:58   0:00   0:00 
Filip Hronek             2  1  3   1  0   2  3  2  0  0  0/0    21:28   1:00   0:42 
Ilya Kovalchuk           0  1  1   0  2   1  1  0  0  0  1/1    20:25   1:00   0:30 
Ivan Barbashev           0  1  1   0  0   1  2  0  0  0  11/20  19:56   1:00   0:00 
Ivan Provorov            1  0  1   0  0   4  1  1  0  0  0/0    24:03   1:14   2:08 
Juuso Valimaki           0  0  0  -1  0   0  0  0  0  0  0/0    14:29   0:00   0:00 
Kevin Fiala              0  1  1   1  2   1  1  0  0  0  2/3    15:43   1:14   0:30 
Miles Wood               0  0  0  -1  0   3  0  0  0  0  0/0    14:58   0:00   0:00 
Miro Heiskanen           0  1  1   0  0   1  0  1  0  0  0/0    24:03   1:14   2:08 
Nicolas Roy              0  0  0   0  0   1  0  0  0  0  0/0     0:31   0:00   0:00 
Philippe Myers           0  0  0  -1  2   0  1  0  0  0  0/0    14:28   0:00   0:00 
Reilly Smith             0  0  0   1  0   2  1  0  0  0  4/9    24:05   1:14   2:20 
Victor Olofsson          0  0  0   0  0   1  0  0  0  0  0/0     5:31   0:00   0:00 
William Nylander         1  0  1   1  0   3  0  0  0  0  11/18  18:37   1:14   2:20 

Players Stats for CAROLINA

Player Name              G  A  P  +/- PIM S  H  SB GA TA FO     MP     PP MP  PK MP  
------------------------------------------------------------------------------------
Adam Henrique            0  1  1   0  0   4  1  0  0  0  1/1    15:54   0:00   0:26 
Alexander Radulov        0  1  1  -1  0   1  1  0  0  0  2/3    19:27   1:14   0:26 
Brent Burns              0  0  0   1  0   0  4  2  0  0  0/0    26:45   1:48   0:55 
CAR Cap Hit              0  0  0   1  0   0  0  0  0  0  0/0     5:59   0:00   0:30 
Cooper Marody            0  0  0   0  0   0  0  0  0  0  0/0     0:51   0:00   0:00 
David Kampf              0  0  0  -1  0   3  0  1  0  0  12/22  17:50   1:14   0:00 
Deryk Engelland          0  0  0  -1  0   1  1  0  0  0  0/0    19:55   1:02   1:03 
Dmitri Sokolov           0  0  0   0  2   0  1  0  0  0  0/1    15:37   0:00   0:30 
Dominik Kubalik          0  0  0   0  0   1  1  0  0  0  0/0    18:46   1:36   0:00 
Duncan Keith             1  0  1  -1  2   2  0  0  0  0  0/0    18:59   1:02   0:08 
Joel L'Esperance         0  0  0   1  0   0  1  0  0  0  0/0     5:07   0:00   1:04 
Matt Benning             0  0  0   0  0   1  2  0  0  0  0/0    14:01   0:00   0:57 
Matt Martin              0  1  1  -1  2   0  9  0  0  0  0/0    17:49   1:14   0:00 
Nicklas Backstrom        0  1  1   1  0   4  0  1  0  0  18/30  24:45   1:36   1:08 
Sam Lafferty             0  1  1   0  2   0  2  0  0  0  4/17   15:07   0:00   0:00 
Sebastian Aho            1  0  1   0  0   2  1  2  0  0  0/0    13:04   0:00   0:00 
Shea Weber               0  0  0   0  0   0  1  0  0  0  0/0    21:16   1:48   0:55 
Vladimir Tarasenko       1  0  1   1  0   3  1  0  0  0  0/0    24:31   1:36   0:54 

3 Stars

1 - Filip Hronek (BOS)
2 - Alec Martinez (BOS)
3 - William Nylander (BOS)

Power Play

BOSTON - 2 on 3 Attempt(s) - 66.67%
CAROLINA - 1 on 2 Attempt(s) - 50.00%

Penalty Kill

BOSTON - 1 on 2 Attempt(s) - 50.00% - Score 0 goal in Penalty Kill
CAROLINA - 1 on 3 Attempt(s) - 33.33% - Score 0 goal in Penalty Kill

Team Stat

BOSTON - Hits : 19 - Faceoff Wins : 37 - Blocked Shots : 5 - Penalty Minutes : 6
CAROLINA - Hits : 26 - Faceoff Wins : 37 - Blocked Shots : 6 - Penalty Minutes : 8

Official

Referees : Dan O'Halloran and Brett Roeland
Linesman : Kyle Allen and Bryan Pancich

Game Notes

No Game Note

Finance

Level 1 -- Attendance: 4007 (66.78%) -- Ticket Income $400,700
Level 2 -- Attendance: 3854 (77.08%) -- Ticket Income $231,240
Level 3 -- Attendance: 2000 (100.00%) -- Ticket Income $70,000
Level 4 -- Attendance: 3613 (90.33%) -- Ticket Income $72,260
Luxury Box -- Attendance: 778 (77.80%) -- Ticket Income $155,600
Game was played at the PNC Center.
Total Attendance: 14252 (79.18%)
Total Ticket Income: $929,800
Total Income: $929,800

BOSTON

5 vs 5 Forward 
   Center                   Left Wing                Right Wing               Time % Phy DF OF 
 1 William Nylander         Reilly Smith             Kevin Fiala              35     1   2  2  
 2 Ivan Barbashev           Ilya Kovalchuk           Blake Comeau             30     1   2  2  
 3 Casey Mittelstadt        Andrew Mangiapane        Miles Wood               25     1   2  2  
 4 Alexandre Texier         Victor Olofsson          Reilly Smith             10     1   2  2  

5 vs 5 Defense 
   Defense                  Defense                                           Time % Phy DF OF 
 1 Ivan Provorov            Miro Heiskanen                                    35     1   2  2  
 2 Alec Martinez            Filip Hronek                                      30     1   2  2  
 3 Philippe Myers           Juuso Valimaki                                    25     1   2  2  
 4 Ivan Provorov            Miro Heiskanen                                    10     1   2  2  

PowerPlay Forward 
   Center                   Left Wing                Right Wing               Time % Phy DF OF 
 1 William Nylander         Reilly Smith             Kevin Fiala              60     1   2  2  
 2 Ivan Barbashev           Ilya Kovalchuk           Blake Comeau             40     1   2  2  

PowerPlay Defense
   Defense                  Defense                                           Time % Phy DF OF 
 1 Ivan Provorov            Miro Heiskanen                                    60     1   2  2  
 2 Alec Martinez            Filip Hronek                                      40     1   2  2  

Penalty Kill 4 Players Forward 
   Center                   Wing                     Time % Phy DF OF 
 1 Reilly Smith             William Nylander         60     1   2  2  
 2 Kevin Fiala              Ilya Kovalchuk           40     1   2  2  

Penalty Kill 4 Players Defense
   Defense                  Defense                  Time % Phy DF OF 
 1 Ivan Provorov            Miro Heiskanen           60     1   2  2  
 2 Alec Martinez            Filip Hronek             40     1   2  2  

Penalty Kill - 3 Players Forward 
   Forward                                           Time % Phy DF OF 
 1 Reilly Smith                                      60     1   2  2  
 2 William Nylander                                  40     1   2  2  

Penalty Kill - 3 Players Defense
   Defense                  Defense                  Time % Phy DF OF 
 1 Ivan Provorov            Miro Heiskanen           60     1   2  2  
 2 Alec Martinez            Filip Hronek             40     1   2  2  

4 vs 4 Forward 
   Center                   Wing                     Time % Phy DF OF 
 1 Reilly Smith             William Nylander         60     1   2  2  
 2 Kevin Fiala              Ilya Kovalchuk           40     1   2  2  

4 vs 4 Defense
   Defense                  Defense                  Time % Phy DF OF 
 1 Ivan Provorov            Miro Heiskanen           60     1   2  2  
 2 Alec Martinez            Filip Hronek             40     1   2  2  

Last Minutes Offensive
   Center                   Left Wing                Right Wing               Defense                  Defense                  
   William Nylander         Reilly Smith             Kevin Fiala              Ivan Provorov            Miro Heiskanen           

Last Minutes Defensive
   Center                   Left Wing                Right Wing               Defense                  Defense                  
   William Nylander         Reilly Smith             Kevin Fiala              Ivan Provorov            Miro Heiskanen           

Goaltenders
Starting : Martin Jones             
Backup : Thatcher Demko           

Extra Forwards
Normal : Nicolas Roy, Aleksi Saarela, Andrew Mangiapane - PP : Nicolas Roy, Aleksi Saarela - PK : Andrew Mangiapane
Extra Defensemen
Normal : Philippe Myers, Juuso Valimaki, Alec Martinez - PP : Philippe Myers - PK : Juuso Valimaki, Alec Martinez
Penalty Shots
Reilly Smith, William Nylander, Kevin Fiala, Ilya Kovalchuk, Blake Comeau

Scratches
Filip Zadina (Healthy), BOS Cap Hit (Suspend), Robert Hagg (Healthy), Charlie Lindgren (Healthy)

CAROLINA

5 vs 5 Forward 
   Center                   Left Wing                Right Wing               Time % Phy DF OF 
 1 Nicklas Backstrom        Dominik Kubalik          Vladimir Tarasenko       35     1   2  2  
 2 David Kampf              Matt Martin              Alexander Radulov        30     1   2  2  
 3 Sam Lafferty             Dmitri Sokolov           Adam Henrique            25     1   2  2  
 4 Nicklas Backstrom        Vladimir Tarasenko       Joel L'Esperance         10     1   2  2  

5 vs 5 Defense 
   Defense                  Defense                                           Time % Phy DF OF 
 1 Brent Burns              Shea Weber                                        35     1   2  2  
 2 Duncan Keith             Deryk Engelland                                   30     1   2  2  
 3 Sebastian Aho            Matt Benning                                      25     1   2  2  
 4 CAR Cap Hit              Brent Burns                                       10     1   2  2  

PowerPlay Forward 
   Center                   Left Wing                Right Wing               Time % Phy DF OF 
 1 Nicklas Backstrom        Dominik Kubalik          Vladimir Tarasenko       60     1   2  2  
 2 David Kampf              Matt Martin              Alexander Radulov        40     1   2  2  

PowerPlay Defense
   Defense                  Defense                                           Time % Phy DF OF 
 1 Brent Burns              Shea Weber                                        60     1   2  2  
 2 Duncan Keith             Deryk Engelland                                   40     1   2  2  

Penalty Kill 4 Players Forward 
   Center                   Wing                     Time % Phy DF OF 
 1 Nicklas Backstrom        Vladimir Tarasenko       60     1   2  2  
 2 Alexander Radulov        Adam Henrique            40     1   2  2  

Penalty Kill 4 Players Defense
   Defense                  Defense                  Time % Phy DF OF 
 1 Brent Burns              Shea Weber               60     1   2  2  
 2 Duncan Keith             Deryk Engelland          40     1   2  2  

Penalty Kill - 3 Players Forward 
   Forward                                           Time % Phy DF OF 
 1 Nicklas Backstrom                                 60     1   2  2  
 2 Vladimir Tarasenko                                40     1   2  2  

Penalty Kill - 3 Players Defense
   Defense                  Defense                  Time % Phy DF OF 
 1 Brent Burns              Shea Weber               60     1   2  2  
 2 Duncan Keith             Deryk Engelland          40     1   2  2  

4 vs 4 Forward 
   Center                   Wing                     Time % Phy DF OF 
 1 Nicklas Backstrom        Vladimir Tarasenko       60     1   2  2  
 2 Alexander Radulov        Adam Henrique            40     1   2  2  

4 vs 4 Defense
   Defense                  Defense                  Time % Phy DF OF 
 1 Brent Burns              Shea Weber               60     1   2  2  
 2 Duncan Keith             Deryk Engelland          40     1   2  2  

Last Minutes Offensive
   Center                   Left Wing                Right Wing               Defense                  Defense                  
   Nicklas Backstrom        Dominik Kubalik          Vladimir Tarasenko       Brent Burns              Shea Weber               

Last Minutes Defensive
   Center                   Left Wing                Right Wing               Defense                  Defense                  
   Nicklas Backstrom        Dominik Kubalik          Vladimir Tarasenko       Brent Burns              Shea Weber               

Goaltenders
Starting : Sergei Bobrovsky         
Backup : Scott Wedgewood          

Extra Forwards
Normal : Cooper Marody, Sam Lafferty, Joel L'Esperance - PP : Cooper Marody, Sam Lafferty - PK : Joel L'Esperance
Extra Defensemen
Normal : Sebastian Aho, Matt Benning, CAR Cap Hit - PP : Sebastian Aho - PK : Matt Benning, CAR Cap Hit
Penalty Shots
Nicklas Backstrom, Vladimir Tarasenko, Alexander Radulov, Adam Henrique, Dominik Kubalik

Scratches
Patrice Bergeron (Healthy), Claude Giroux (Healthy)

% Time on Ice - BOSTON

Lines # - Real PCT - Wanted PCT - Time Play
Normal Forward
1 - 24% - 35% - 12:46
2 - 36% - 30% - 18:56
3 - 29% - 25% - 14:58
4 - 11% - 10% - 5:31
Normal Defense
1 - 31% - 35% - 16:26
2 - 36% - 30% - 19:02
3 - 28% - 25% - 14:29
4 - 4% - 10% - 2:14
PP Forward
1 - 55% - 60% - 1:14
2 - 45% - 40% - 1:00
PP Defense
1 - 55% - 60% - 1:14
2 - 45% - 40% - 1:00
PK Forward
1 - 82% - 60% - 2:20
2 - 18% - 40% - 0:30
PK Defense
1 - 75% - 60% - 2:08
2 - 25% - 40% - 0:42
PK3 Forward
1 - 0% - 60%
2 - 0% - 40%
PK3 Defense
1 - 0% - 60%
2 - 0% - 40%
44 Forward
1 - 76% - 60% - 1:31
2 - 24% - 40% - 0:28
44 Defense
1 - 63% - 60% - 1:15
2 - 37% - 40% - 0:44
Last Minute Offensive  - 0:00
Last Minute Defensive  - 0:46
Total
Forward - 60:00
Defense - 60:00

% Time on Ice - CAROLINA

Lines # - Real PCT - Wanted PCT - Time Play
Normal Forward
1 - 32% - 35% - 16:53
2 - 32% - 30% - 16:36
3 - 29% - 25% - 15:08
4 - 8% - 10% - 4:03
Normal Defense
1 - 34% - 35% - 17:45
2 - 32% - 30% - 16:39
3 - 24% - 25% - 12:47
4 - 10% - 10% - 5:29
PP Forward
1 - 56% - 60% - 1:36
2 - 44% - 40% - 1:14
PP Defense
1 - 64% - 60% - 1:48
2 - 36% - 40% - 1:02
PK Forward
1 - 81% - 60% - 1:48
2 - 19% - 40% - 0:26
PK Defense
1 - 41% - 60% - 0:55
2 - 59% - 40% - 1:19
PK3 Forward
1 - 0% - 60%
2 - 0% - 40%
PK3 Defense
1 - 0% - 60%
2 - 0% - 40%
44 Forward
1 - 40% - 60% - 0:48
2 - 60% - 40% - 1:11
44 Defense
1 - 40% - 60% - 0:48
2 - 60% - 40% - 1:11
Last Minute Offensive  - 0:17
Last Minute Defensive  - 0:00
Total
Forward - 60:00
Defense - 60:00

Play-by-Play

1st period


0:01 of 1st period - Nicklas Backstrom wins face-off versus Kevin Fiala in neutral zone.
0:23 of 1st period - Off-side.
0:24 of 1st period - Ivan Barbashev wins face-off versus David Kampf in neutral zone.
0:43 of 1st period - Shot by Filip Hronek.
0:43 of 1st period - Goal by Filip Hronek - BOSTON : 1 - CAROLINA : 0.
0:44 of 1st period - Casey Mittelstadt wins face-off versus Sam Lafferty in neutral zone.
0:46 of 1st period - Philippe Myers is hit by Matt Benning and loses puck.
1:05 of 1st period - Shot by Adam Henrique.
1:05 of 1st period - Stopped by Martin Jones without a rebound.
1:06 of 1st period - Nicklas Backstrom wins face-off versus Alexandre Texier in BOSTON zone.
2:54 of 1st period - Icing by Filip Hronek.
2:55 of 1st period - Sam Lafferty wins face-off versus Ivan Barbashev in BOSTON zone.
3:04 of 1st period - Shot by Dmitri Sokolov.
3:04 of 1st period - Shot Misses the Net.
3:06 of 1st period - Shot by Matt Benning.
3:06 of 1st period - Shot Blocked by Filip Hronek.
3:15 of 1st period - Off-side.
3:16 of 1st period - Reilly Smith wins face-off versus Nicklas Backstrom in neutral zone.
3:45 of 1st period - Shot by Reilly Smith.
3:45 of 1st period - Shot Blocked by Brent Burns.
3:47 of 1st period - Shot by Ivan Provorov.
3:47 of 1st period - Shot Misses the Net.
4:17 of 1st period - Shot by Adam Henrique.
4:17 of 1st period - Stopped by Martin Jones with a rebound.
4:19 of 1st period - Shot by Sebastian Aho.
4:19 of 1st period - Goal by Sebastian Aho - BOSTON : 1 - CAROLINA : 1.
4:20 of 1st period - David Kampf wins face-off versus Casey Mittelstadt in neutral zone.
4:46 of 1st period - Shot by Miles Wood.
4:46 of 1st period - Shot Misses the Net.
4:48 of 1st period - Shot by Miles Wood.
4:48 of 1st period - Shot Blocked by David Kampf.
5:27 of 1st period - Shot by Sebastian Aho.
5:27 of 1st period - Shot Misses the Net.
5:29 of 1st period - Shot by Sebastian Aho.
5:29 of 1st period - Stopped by Martin Jones without a rebound.
5:30 of 1st period - Nicklas Backstrom wins face-off versus Ivan Barbashev in BOSTON zone.
5:37 of 1st period - Shot by Dominik Kubalik.
5:37 of 1st period - Stopped by Martin Jones without a rebound.
5:38 of 1st period - Nicklas Backstrom wins face-off versus Ivan Barbashev in BOSTON zone.
5:51 of 1st period - Shot by Alec Martinez.
5:51 of 1st period - Shot Misses the Net.
6:02 of 1st period - Blake Comeau is hit by Brent Burns and loses puck.
6:26 of 1st period - Brent Burns is hit by Philippe Myers and loses puck.
7:09 of 1st period - Shot by William Nylander.
7:09 of 1st period - Shot Misses the Net.
7:11 of 1st period - Shot by Miro Heiskanen.
7:11 of 1st period - Stopped by Sergei Bobrovsky without a rebound.
7:12 of 1st period - Sam Lafferty wins face-off versus William Nylander in CAROLINA zone.
7:27 of 1st period - Shot by Adam Henrique.
7:27 of 1st period - Shot Blocked by Miro Heiskanen.
7:44 of 1st period - Off-side.
7:45 of 1st period - Ivan Barbashev wins face-off versus David Kampf in neutral zone.
7:58 of 1st period - Shot by Ilya Kovalchuk.
7:58 of 1st period - Shot Misses the Net.
10:03 of 1st period - Shot by David Kampf.
10:03 of 1st period - Stopped by Martin Jones without a rebound.
10:04 of 1st period - William Nylander wins face-off versus Sam Lafferty in BOSTON zone.
10:13 of 1st period - Minor Penalty to Kevin Fiala for Holding.
10:14 of 1st period - Reilly Smith wins face-off versus Nicklas Backstrom in BOSTON zone.
10:33 of 1st period - Shot by Brent Burns.
10:33 of 1st period - Shot Misses the Net.
10:35 of 1st period - Shot by Shea Weber.
10:35 of 1st period - Shot Blocked by Ivan Provorov.
10:37 of 1st period - Shot by Shea Weber.
10:37 of 1st period - Shot Misses the Net.
10:39 of 1st period - Shot by Shea Weber.
10:39 of 1st period - Shot Misses the Net.
10:41 of 1st period - Shot by Shea Weber.
10:41 of 1st period - Shot Misses the Net.
10:43 of 1st period - Shot by Nicklas Backstrom.
10:43 of 1st period - Stopped by Martin Jones without a rebound.
10:44 of 1st period - David Kampf wins face-off versus Reilly Smith in BOSTON zone.
10:45 of 1st period - Shot by Duncan Keith.
10:45 of 1st period - Shot Misses the Net.
10:57 of 1st period - Miro Heiskanen is hit by Matt Martin and loses puck.
11:04 of 1st period - Shot by Duncan Keith.
11:04 of 1st period - Goal by Duncan Keith - BOSTON : 1 - CAROLINA : 2.
11:05 of 1st period - Adam Henrique wins face-off versus Casey Mittelstadt in neutral zone.
11:12 of 1st period - Philippe Myers is hit by Sam Lafferty and loses puck.
11:23 of 1st period - Shot by Miles Wood.
11:23 of 1st period - Stopped by Sergei Bobrovsky without a rebound.
11:24 of 1st period - Alexandre Texier wins face-off versus David Kampf in CAROLINA zone.
11:25 of 1st period - Shot by Victor Olofsson.
11:25 of 1st period - Shot Blocked by Brent Burns.
11:37 of 1st period - Shot by Victor Olofsson.
11:37 of 1st period - Stopped by Sergei Bobrovsky without a rebound.
11:38 of 1st period - Sam Lafferty wins face-off versus Casey Mittelstadt in CAROLINA zone.
13:24 of 1st period - Off-side.
13:25 of 1st period - Ivan Barbashev wins face-off versus David Kampf in neutral zone.
13:47 of 1st period - David Kampf is hit by Alec Martinez and loses puck.
14:21 of 1st period - Icing by Filip Hronek.
14:22 of 1st period - Nicklas Backstrom wins face-off versus Ivan Barbashev in BOSTON zone.
14:23 of 1st period - Shot by Vladimir Tarasenko.
14:23 of 1st period - Goal by Vladimir Tarasenko - BOSTON : 1 - CAROLINA : 3.
14:24 of 1st period - William Nylander wins face-off versus Sam Lafferty in neutral zone.
14:27 of 1st period - Shea Weber is hit by Reilly Smith and loses puck.
14:48 of 1st period - Shot by Reilly Smith.
14:48 of 1st period - Stopped by Sergei Bobrovsky without a rebound.
14:49 of 1st period - Nicklas Backstrom wins face-off versus Casey Mittelstadt in CAROLINA zone.
15:13 of 1st period - Juuso Valimaki is hit by Dominik Kubalik and loses puck.
15:32 of 1st period - Icing by Deryk Engelland.
15:33 of 1st period - Nicklas Backstrom wins face-off versus William Nylander in CAROLINA zone.
15:59 of 1st period - Shot by William Nylander.
15:59 of 1st period - Shot Misses the Net.
16:01 of 1st period - Shot by Ivan Provorov.
16:01 of 1st period - Stopped by Sergei Bobrovsky with a rebound.
16:10 of 1st period - Icing by Brent Burns.
16:11 of 1st period - David Kampf wins face-off versus Ivan Barbashev in CAROLINA zone.
16:11 of 1st period - David Kampf is hit by Ivan Barbashev.
16:41 of 1st period - Shot by Ivan Barbashev.
16:41 of 1st period - Stopped by Sergei Bobrovsky with a rebound.
17:25 of 1st period - Shot by Adam Henrique.
17:25 of 1st period - Stopped by Martin Jones without a rebound.
17:26 of 1st period - Nicklas Backstrom wins face-off versus William Nylander in BOSTON zone.
17:42 of 1st period - Off-side.
17:43 of 1st period - Sam Lafferty wins face-off versus Andrew Mangiapane in neutral zone.
17:57 of 1st period - Icing by Matt Benning.
17:58 of 1st period - Kevin Fiala wins face-off versus Dmitri Sokolov in CAROLINA zone.
18:21 of 1st period - Shot by William Nylander.
18:21 of 1st period - Stopped by Sergei Bobrovsky without a rebound.
18:22 of 1st period - Nicklas Backstrom wins face-off versus Casey Mittelstadt in CAROLINA zone.
18:35 of 1st period - Shot by Vladimir Tarasenko.
18:35 of 1st period - Deflect By Nicklas Backstrom.
18:35 of 1st period - Stopped by Martin Jones without a rebound.
18:36 of 1st period - David Kampf wins face-off versus Alexandre Texier in BOSTON zone.
18:56 of 1st period - Duncan Keith is hit by Alexandre Texier and loses puck.
Goals for this period are 1 for BOSTON vs 3 for CAROLINA.
Shots for this period are 8 for BOSTON vs 11 for CAROLINA.

2nd period


0:01 of 2nd period - William Nylander wins face-off versus Nicklas Backstrom in neutral zone.
0:31 of 2nd period - Reilly Smith is hit by Brent Burns and loses puck.
0:36 of 2nd period - Shot by William Nylander.
0:36 of 2nd period - Stopped by Sergei Bobrovsky with a rebound.
0:38 of 2nd period - Shot by Kevin Fiala.
0:38 of 2nd period - Shot Blocked by Nicklas Backstrom.
0:40 of 2nd period - Shot by Ivan Provorov.
0:40 of 2nd period - Stopped by Sergei Bobrovsky without a rebound.
0:41 of 2nd period - David Kampf wins face-off versus Casey Mittelstadt in CAROLINA zone.
0:57 of 2nd period - Shot by Matt Benning.
0:57 of 2nd period - Stopped by Martin Jones without a rebound.
0:58 of 2nd period - Ivan Barbashev wins face-off versus Sam Lafferty in BOSTON zone.
1:16 of 2nd period - Sam Lafferty is hit by Filip Hronek.
1:57 of 2nd period - Shot by Nicklas Backstrom.
1:57 of 2nd period - Stopped by Martin Jones without a rebound.
1:58 of 2nd period - William Nylander wins face-off versus Nicklas Backstrom in BOSTON zone.
2:15 of 2nd period - Shot by Vladimir Tarasenko.
2:15 of 2nd period - Stopped by Martin Jones without a rebound.
2:16 of 2nd period - David Kampf wins face-off versus Casey Mittelstadt in BOSTON zone.
2:29 of 2nd period - Shot by Alexander Radulov.
2:29 of 2nd period - Shot Misses the Net.
2:35 of 2nd period - Philippe Myers is hit by Matt Martin and loses puck.
2:44 of 2nd period - Philippe Myers is hit by Matt Martin and loses puck.
3:03 of 2nd period - Ivan Provorov is hit by Matt Martin and loses puck.
5:11 of 2nd period - Minor Penalty to Philippe Myers for Tripping.
5:12 of 2nd period - Reilly Smith wins face-off versus David Kampf in BOSTON zone.
5:29 of 2nd period - Shot by Brent Burns.
5:29 of 2nd period - Shot Misses the Net.
5:31 of 2nd period - Shot by Alexander Radulov.
5:31 of 2nd period - Shot Misses the Net.
5:33 of 2nd period - Shot by Alexander Radulov.
5:33 of 2nd period - Shot Misses the Net.
5:35 of 2nd period - Shot by Brent Burns.
5:35 of 2nd period - Deflect By David Kampf.
5:35 of 2nd period - Stopped by Martin Jones without a rebound.
5:36 of 2nd period - Nicklas Backstrom wins face-off versus Reilly Smith in BOSTON zone.
5:47 of 2nd period - Shot by Duncan Keith.
5:47 of 2nd period - Stopped by Martin Jones without a rebound.
5:48 of 2nd period - Nicklas Backstrom wins face-off versus Reilly Smith in BOSTON zone.
6:39 of 2nd period - Ivan Provorov is hit by Alexander Radulov and loses puck.
6:52 of 2nd period - Shot by Deryk Engelland.
6:52 of 2nd period - Stopped by Martin Jones without a rebound.
6:53 of 2nd period - Ilya Kovalchuk wins face-off versus Nicklas Backstrom in BOSTON zone.
7:31 of 2nd period - Icing by Philippe Myers.
7:32 of 2nd period - Casey Mittelstadt wins face-off versus David Kampf in BOSTON zone.
7:54 of 2nd period - Andrew Mangiapane is hit by Deryk Engelland and loses puck.
9:20 of 2nd period - Shot by William Nylander.
9:20 of 2nd period - Goal by William Nylander - BOSTON : 2 - CAROLINA : 3.
9:21 of 2nd period - Alexandre Texier wins face-off versus Nicklas Backstrom in neutral zone.
9:34 of 2nd period - Shot by Reilly Smith.
9:34 of 2nd period - Shot Misses the Net.
9:40 of 2nd period - Shot by Reilly Smith.
9:40 of 2nd period - Deflect By Victor Olofsson.
9:40 of 2nd period - Shot Misses the Net.
10:05 of 2nd period - Icing by Brent Burns.
10:06 of 2nd period - Nicklas Backstrom wins face-off versus Ivan Barbashev in CAROLINA zone.
10:12 of 2nd period - Shea Weber is hit by Ivan Provorov and loses puck.
10:50 of 2nd period - David Kampf is hit by Blake Comeau and loses puck.
11:04 of 2nd period - Shot by Alexander Radulov.
11:04 of 2nd period - Deflect By David Kampf.
11:04 of 2nd period - Stopped by Martin Jones without a rebound.
11:05 of 2nd period - William Nylander wins face-off versus Sam Lafferty in BOSTON zone.
11:05 of 2nd period - William Nylander is hit by Sam Lafferty.
11:08 of 2nd period - Icing by Alec Martinez.
11:09 of 2nd period - William Nylander wins face-off versus Sam Lafferty in BOSTON zone.
11:18 of 2nd period - Shot by Adam Henrique.
11:18 of 2nd period - Stopped by Martin Jones without a rebound.
11:19 of 2nd period - Casey Mittelstadt wins face-off versus Nicklas Backstrom in BOSTON zone.
11:40 of 2nd period - Shot by Andrew Mangiapane.
11:40 of 2nd period - Stopped by Sergei Bobrovsky without a rebound.
11:41 of 2nd period - David Kampf wins face-off versus William Nylander in CAROLINA zone.
11:45 of 2nd period - Icing by Duncan Keith.
11:46 of 2nd period - David Kampf wins face-off versus William Nylander in CAROLINA zone.
11:46 of 2nd period - David Kampf is hit by Kevin Fiala.
11:59 of 2nd period - Icing by Ivan Provorov.
12:00 of 2nd period - William Nylander wins face-off versus Nicklas Backstrom in BOSTON zone.
12:26 of 2nd period - Shot by Vladimir Tarasenko.
12:26 of 2nd period - Shot Misses the Net.
13:08 of 2nd period - Shot by Alexander Radulov.
13:08 of 2nd period - Stopped by Martin Jones without a rebound.
13:09 of 2nd period - Ivan Barbashev wins face-off versus Sam Lafferty in BOSTON zone.
13:09 of 2nd period - Ivan Barbashev is hit by Adam Henrique.
13:10 of 2nd period - Minor Penalty to Dmitri Sokolov for Tripping.
13:11 of 2nd period - Ivan Barbashev wins face-off versus Nicklas Backstrom in CAROLINA zone.
13:18 of 2nd period - Shot by Filip Hronek.
13:18 of 2nd period - Goal by Filip Hronek - BOSTON : 3 - CAROLINA : 3.
13:19 of 2nd period - David Kampf wins face-off versus Andrew Mangiapane in neutral zone.
13:22 of 2nd period - Casey Mittelstadt is hit by Matt Martin and loses puck.
13:26 of 2nd period - Juuso Valimaki is hit by Matt Martin and loses puck.
13:30 of 2nd period - Off-side.
13:31 of 2nd period - Ivan Barbashev wins face-off versus Sam Lafferty in neutral zone.
13:34 of 2nd period - Shea Weber is hit by Blake Comeau and loses puck.
13:45 of 2nd period - Shot by Ivan Barbashev.
13:45 of 2nd period - Deflect By Ilya Kovalchuk.
13:45 of 2nd period - Stopped by Sergei Bobrovsky without a rebound.
13:46 of 2nd period - Nicklas Backstrom wins face-off versus Casey Mittelstadt in CAROLINA zone.
13:46 of 2nd period - Nicklas Backstrom is hit by Andrew Mangiapane.
14:04 of 2nd period - Shot by Nicklas Backstrom.
14:04 of 2nd period - Stopped by Martin Jones without a rebound.
14:05 of 2nd period - David Kampf wins face-off versus Alexandre Texier in BOSTON zone.
14:58 of 2nd period - Brent Burns is hit by Blake Comeau and loses puck.
15:25 of 2nd period - Vladimir Tarasenko is hit by Blake Comeau and loses puck.
16:05 of 2nd period - Shot by Miles Wood.
16:05 of 2nd period - Stopped by Sergei Bobrovsky without a rebound.
16:06 of 2nd period - William Nylander wins face-off versus Sam Lafferty in CAROLINA zone.
16:39 of 2nd period - Icing by Adam Henrique.
16:40 of 2nd period - Ivan Barbashev wins face-off versus Sam Lafferty in CAROLINA zone.
17:46 of 2nd period - Shot by Andrew Mangiapane.
17:46 of 2nd period - Shot Blocked by Sebastian Aho.
18:13 of 2nd period - Off-side.
18:14 of 2nd period - William Nylander wins face-off versus David Kampf in neutral zone.
18:46 of 2nd period - Off-side.
18:47 of 2nd period - Nicklas Backstrom wins face-off versus Ivan Barbashev in neutral zone.
19:20 of 2nd period - Shot by Ilya Kovalchuk.
19:20 of 2nd period - Shot Hit the Post.
Goals for this period are 2 for BOSTON vs 0 for CAROLINA.
Shots for this period are 7 for BOSTON vs 10 for CAROLINA.

3rd period


0:01 of 3rd period - Nicklas Backstrom wins face-off versus William Nylander in neutral zone.
0:04 of 3rd period - Ivan Provorov is hit by Joel L'Esperance and loses puck.
1:23 of 3rd period - Off-side.
1:24 of 3rd period - Ivan Barbashev wins face-off versus David Kampf in neutral zone.
1:24 of 3rd period - Ivan Barbashev is hit by Matt Martin.
1:50 of 3rd period - Shot by David Kampf.
1:50 of 3rd period - Shot Misses the Net.
1:58 of 3rd period - Deryk Engelland is hit by Blake Comeau and loses puck.
2:11 of 3rd period - Minor Penalty to Matt Martin for Hooking.
2:11 of 3rd period - Minor Penalty to Ilya Kovalchuk for Goalie Interference.
2:12 of 3rd period - Reilly Smith wins face-off versus Nicklas Backstrom in neutral zone.
2:41 of 3rd period - Shot by Nicklas Backstrom.
2:41 of 3rd period - Shot Misses the Net.
3:14 of 3rd period - Icing by Adam Henrique.
3:15 of 3rd period - Kevin Fiala wins face-off versus Alexander Radulov in CAROLINA zone.
3:20 of 3rd period - Shot by Nicolas Roy.
3:20 of 3rd period - Stopped by Sergei Bobrovsky without a rebound.
3:21 of 3rd period - Alexander Radulov wins face-off versus Reilly Smith in CAROLINA zone.
4:20 of 3rd period - Miles Wood is hit by Sebastian Aho.
4:38 of 3rd period - Shot by Andrew Mangiapane.
4:38 of 3rd period - Shot Misses the Net.
4:48 of 3rd period - Casey Mittelstadt is hit by Matt Benning and loses puck.
5:06 of 3rd period - Ivan Barbashev is hit by Shea Weber.
5:16 of 3rd period - Shot by Vladimir Tarasenko.
5:16 of 3rd period - Shot Misses the Net.
5:45 of 3rd period - Icing by Filip Hronek.
5:46 of 3rd period - Alexander Radulov wins face-off versus Ivan Barbashev in BOSTON zone.
6:05 of 3rd period - Shot by Alexander Radulov.
6:05 of 3rd period - Shot Blocked by Filip Hronek.
6:39 of 3rd period - Shot by Adam Henrique.
6:39 of 3rd period - Shot Misses the Net.
7:29 of 3rd period - Shot by Vladimir Tarasenko.
7:29 of 3rd period - Stopped by Martin Jones without a rebound.
7:30 of 3rd period - Casey Mittelstadt wins face-off versus David Kampf in BOSTON zone.
7:30 of 3rd period - Casey Mittelstadt is hit by Matt Martin.
7:36 of 3rd period - Shot by Miles Wood.
7:36 of 3rd period - Stopped by Sergei Bobrovsky without a rebound.
7:37 of 3rd period - David Kampf wins face-off versus Andrew Mangiapane in CAROLINA zone.
7:37 of 3rd period - David Kampf is hit by Andrew Mangiapane.
7:46 of 3rd period - Juuso Valimaki is hit by Matt Martin and loses puck.
7:52 of 3rd period - Icing by Philippe Myers.
7:53 of 3rd period - Casey Mittelstadt wins face-off versus Sam Lafferty in BOSTON zone.
7:53 of 3rd period - Casey Mittelstadt is hit by Dmitri Sokolov.
7:54 of 3rd period - Minor Penalty to Sam Lafferty for Roughing.
7:55 of 3rd period - William Nylander wins face-off versus Nicklas Backstrom in CAROLINA zone.
7:55 of 3rd period - William Nylander is hit by Brent Burns.
8:01 of 3rd period - Shot by Ivan Provorov.
8:01 of 3rd period - Goal by Ivan Provorov - BOSTON : 4 - CAROLINA : 3.
8:02 of 3rd period - Nicklas Backstrom wins face-off versus Reilly Smith in neutral zone.
8:43 of 3rd period - Shot by Kevin Fiala.
8:43 of 3rd period - Stopped by Sergei Bobrovsky with a rebound.
8:53 of 3rd period - Andrew Mangiapane is hit by Vladimir Tarasenko and loses puck.
9:32 of 3rd period - Icing by Duncan Keith.
9:33 of 3rd period - Ivan Barbashev wins face-off versus David Kampf in CAROLINA zone.
9:48 of 3rd period - Shot by Ivan Barbashev.
9:48 of 3rd period - Shot Misses the Net.
10:11 of 3rd period - Alexander Radulov is hit by Filip Hronek and loses puck.
10:49 of 3rd period - Shot by William Nylander.
10:49 of 3rd period - Shot Misses the Net.
10:51 of 3rd period - Shot by Reilly Smith.
10:51 of 3rd period - Stopped by Sergei Bobrovsky without a rebound.
10:52 of 3rd period - Nicklas Backstrom wins face-off versus Casey Mittelstadt in CAROLINA zone.
10:59 of 3rd period - Shot by Brent Burns.
10:59 of 3rd period - Shot Blocked by Casey Mittelstadt.
11:11 of 3rd period - Shot by Andrew Mangiapane.
11:11 of 3rd period - Shot Misses the Net.
12:47 of 3rd period - Off-side.
12:48 of 3rd period - Casey Mittelstadt wins face-off versus Sam Lafferty in neutral zone.
13:10 of 3rd period - Icing by Matt Benning.
13:11 of 3rd period - William Nylander wins face-off versus Sam Lafferty in CAROLINA zone.
13:16 of 3rd period - Shot by Kevin Fiala.
13:16 of 3rd period - Shot Blocked by Sebastian Aho.
13:18 of 3rd period - Shot by Reilly Smith.
13:18 of 3rd period - Shot Misses the Net.
13:20 of 3rd period - Shot by Ivan Provorov.
13:20 of 3rd period - Shot Misses the Net.
13:22 of 3rd period - Shot by Ivan Provorov.
13:22 of 3rd period - Stopped by Sergei Bobrovsky without a rebound.
13:23 of 3rd period - David Kampf wins face-off versus Ivan Barbashev in CAROLINA zone.
13:23 of 3rd period - David Kampf is hit by Ilya Kovalchuk.
13:30 of 3rd period - Deryk Engelland is hit by Filip Hronek and loses puck.
14:02 of 3rd period - Minor Penalty to Duncan Keith for Goalie Interference.
14:03 of 3rd period - Nicklas Backstrom wins face-off versus William Nylander in CAROLINA zone.
15:15 of 3rd period - Shot by Alec Martinez.
15:15 of 3rd period - Stopped by Sergei Bobrovsky without a rebound.
15:16 of 3rd period - Ivan Barbashev wins face-off versus Nicklas Backstrom in CAROLINA zone.
15:43 of 3rd period - Nicklas Backstrom is hit by Ivan Barbashev.
17:09 of 3rd period - Victor Olofsson is hit by Brent Burns and loses puck.
18:02 of 3rd period - Shot by Nicklas Backstrom.
18:02 of 3rd period - Shot Misses the Net.
18:04 of 3rd period - Shot by Dominik Kubalik.
18:04 of 3rd period - Shot Misses the Net.
18:16 of 3rd period - Shot by Filip Hronek.
18:16 of 3rd period - Shot Misses the Net.
19:01 of 3rd period - CAROLINA, Sergei Bobrovsky is pulled from the net.
19:29 of 3rd period - Shot by Reilly Smith.
19:29 of 3rd period - Shot Misses the Net.
Goals for this period are 1 for BOSTON vs 0 for CAROLINA.
Shots for this period are 7 for BOSTON vs 1 for CAROLINA.